 Dungeon Crawl Stone Soup version 0.30-a0-737-gf23d94013f (webtiles) character file.

Game seed: 15916451445860113103

11753 demibob the Severer (level 11, -3/101 HPs)
             Began as a Hill Orc Fighter on Feb 2, 2023.
             Was a High Priest of Beogh.
             Slain by an enormous slime creature (82 damage)
             ... on level 12 of the Dungeon.
             The game lasted 00:11:19 (10772 turns).

demibob the Severer (Hill Orc Fighter)             Turns: 10772, Time: 00:11:20

Health: -3/101     AC: 12    Str: 22    XL:     11   Next: 82%
Magic:  11/11      EV: 20    Int: 11    God:    Beogh [*****.]
Gold:   663        SH:  0    Dex: 12    Spells: 10/10 levels left

rFire   . . .      SeeInvis .    a - +4 battleaxe
rCold   . . .      Faith    +    (shield currently unavailable)
rNeg    . . .      Spirit   .    b - +0 scale mail
rPois   .          Reflect  .    d - +1 helmet {Int+3}
rElec   .          Harm     .    B - +0 cloak
rCorr   .          Rampage  .    (no gloves)
Will    .....                    (no boots) Stlth
                                 i - amulet of faith {!P}
HPRegen 0.36/turn                E - +5 ring of evasion
MPRegen 0.12/turn                e - +5 ring of evasion

@: no status effects
A: walk on water
a: Renounce Religion, Smiting, Recall Orcish Followers, Give Item to Named
Follower


You were on level 12 of the Dungeon.
You worshipped Beogh.
Beogh was extremely pleased with you.
You visited 1 branch of the dungeon, and saw 12 of its levels.

You collected 663 gold pieces.


   Skills:
 + Level 10.7 Fighting
 + Level 18.1 Axes
 + Level 9.9 Armour
 - Level 3.2 Shields


You had 10 spell levels left.
You didn't know any spells.
Your spell library contained the following spells:

 Spells                   Type           Power      Damage    Failure   Level
 Beastly Appendage        Tmut           0%         N/A       61%         1
 Slow                     Hex            0%         N/A       61%         1
 Ensorcelled Hibernation  Hex/Ice        0%         N/A       75%         2
 Passwall                 Tmut/Erth      0%         N/A       75%         2
 Sublimation of Blood     Necr           0%         N/A       75%         2
 Wereblood                Tmut           0%         N/A       75%         2
 Spider Form              Tmut/Pois      0%         N/A       93%         3
 Swiftness                Air            0%         N/A       93%         3
 Summon Hydra             Summ           0%         N/A       100%        7

Inventory:

Hand Weapons
 a - a +4 battleaxe (weapon)
 w - a +1 heavy war axe
Missiles
 n - 4 throwing nets {=f}
 t - 22 poisoned darts (quivered)
Armour
 b - a +0 scale mail (worn)
 d - a +1 helmet of intelligence (worn)
 B - a +0 cloak (worn)
Jewellery
 c - a ring of ice
 e - a +5 ring of evasion (right hand)
 i - an amulet of faith (around neck) {!P}
 C - a ring of ice
 E - a +5 ring of evasion (left hand)
 Z - a ring of wizardry
Wands
 l - a wand of flame (14)
 y - a wand of polymorph (17)
 I - a wand of paralysis (6)
 K - a wand of acid (4)
Scrolls
 f - 8 scrolls of teleportation {@r2}
 g - a scroll of enchant weapon
 h - a scroll of amnesia
 m - a scroll of poison
 r - a scroll of butterflies {unknown}
 x - 2 scrolls of blinking
 D - 2 scrolls of enchant armour
 F - 2 scrolls of identify {@r1}
Potions
 j - 2 potions of haste {@q3}
 k - 2 potions of magic
 o - a potion of flight
 p - 2 potions of attraction {unknown}
 q - 2 potions of brilliance
 s - 5 potions of curing {@q1}
 u - 3 potions of resistance
 v - a potion of ambrosia {unknown}
 z - 3 potions of mutation
 A - a potion of cancellation {unknown}
 H - 2 potions of heal wounds {@q2}
 J - a potion of might
Miscellaneous
 G - a phial of floods

Dungeon Overview and Level Annotations

Branches:
Dungeon (12/15)            Temple (0/1) D:5            Lair (0/5) D:11
    Orc (0/2) D:12

Altars:
Ashenzari
Cheibriados
Elyvilon
Gozag
Kikubaaqudgha
Okawaru
Vehumet
Zin

Shops:
D:9 *   D:11 *

Annotations:
D:8 2 transporters, Nabski's ghost, novice TeFE

J.. .# #.##...## ..##.#
#.#.....### #.##.#
#..o...>.## #.##.#
#.#o....### #)##.##
#o##...## #
#.#...####.#.###..# #
#....(>....#.####.# #
##..J..### #...##.# ##
#...@.# ###.##.###.
####....# #o##.....
##....)#.#######.#######
#.......)......[..[.....
....>........#####.#######
.........###.# #.#
.##......# #... ..#
#.#.##.# #.### ### ....#
##. .##


You could see an enormous slime creature.


Message History

Something hits Warrok!!!
Warrok dies!
Something hits your orc priest!!!
Your orc priest dies!
You slash the large slime creature!
The large slime creature is heavily wounded.
You slice the large slime creature!!
The large slime creature is severely wounded.
A large slime creature splits.
You hit the slime creature.
The slime creature is severely wounded.
You hit the slime creature. The slime creature hits you.
You slash the enormous slime creature!
The enormous slime creature is moderately wounded.
You barely miss the slime creature. You slash the slime creature!
The slime creature hits you! The slime creature hits you.
Unknown command.
You slice the slime creature!!
You kill the slime creature!
Beogh accepts your kill.
You hit the enormous slime creature. You slash the slime creature!
The enormous slime creature misses you.
The slime creature hits you but does no damage.
You slice the slime creature!!
You kill the slime creature!
Beogh accepts your kill.
You barely miss the enormous slime creature.
The enormous slime creature hits you!!!!
Ouch! That really hurt!
You die...

Skill      XL: |  1  2  3  4  5  6  7  8  9 10 11 |
---------------+----------------------------------+-----
Axes           | 3 4 5 7 8 9 11 14 15 17 18 | 18.1
Fighting       | 6 8 10 | 10.7
Armour         | 5 8 9 |  9.9
Shields        | |  3.2

Action                     |  1- 3 |  4- 6 |  7- 9 | 10-12 || total
---------------------------+-------+-------+-------+-------++-------
  Melee: War axe           |    69 |   140 |   126 |       ||   335
         Punch             |     1 |     1 |     2 |       ||     4
         Battleaxe         |       |       |    79 |   204 ||   283
         Unarmed           |       |       |     2 |       ||     2
 Invoke: Convert to Beogh  |       |     1 |       |       ||     1
  Evoke: Wand              |       |       |       |     3 ||     3
    Use: Scroll            |       |    11 |     7 |     5 ||    23
         Potion            |       |       |     5 |     5 ||    10
   Stab: Distracted        |       |       |       |     5 ||     5
 Armour: Scale mail        |    38 |    43 |    36 |    57 ||   174
  Dodge: Dodged            |    33 |   126 |   212 |   236 ||   607

Levels and vault maps discovered:
D:1:      dpeg_arrival_shrine, layout_basic, shapermc_ecumenical_altar_ellora,
          wad_floor_pattern_untrapped, minmay_misc_feat_tiny
D:2:      layout_basic, kennysheep_jessica_study
D:3:      layout_basic, lemuel_zombie_altar_kikubaaqudgha
D:4:      layout_loops_cross
D:5:      lemuel_ice_spiral_2, layout_rooms, minmay_temple_entry_from_below_a
D:6:      layout_basic, nicolae_gozag_seed_capital
D:7:      layout_basic
D:8:      layout_basic, zin_academy, gammafunk_ghost_gnarly_gnolls,
          roderic_serpentine_path, amcnicky_mini_corridor_feature
D:9:      layout_basic, chei_slow_surprise, serial_shops, nicolae_shop_crystal
D:10:     kennysheep_blocky_hall, layout_rooms, nicolae_ashenzari_skybound,
          lemuel_coloured_pillars_altar, mainiacjoe_overflow_divided_tiny
D:11:     layout_basic, hellmonk_lair_entry_icy, nicolae_evil_shop
D:12:     layout_loops_ring, david_orc_3

Notes
Turn   | Place    | Note
-------+----------+-------------------------------------------
     0 | D:1      | demibob the Hill Orc Fighter began the quest for the Orb.
     0 | D:1      | Reached XP level 1. HP: 19/19 MP: 1/1
    37 | D:1      | Found a faded altar of an unknown god.
   171 | D:1      | Reached skill level 3 in Axes
   270 | D:1      | Reached XP level 2. HP: 25/26 MP: 2/2
   454 | D:1      | Reached skill level 4 in Axes
   821 | D:2      | Reached XP level 3. HP: 28/31 MP: 3/3
   873 | D:2      | Reached skill level 5 in Axes
  1255 | D:2      | Reached XP level 4. HP: 31/39 MP: 4/4
  1531 | D:2      | Noticed Jessica
  1545 | D:2      | Killed Jessica
  1546 | D:2      | Reached skill level 6 in Axes
  1636 | D:2      | Got Jessica's Incunabulum of Ill Luck
  2019 | D:3      | Reached skill level 7 in Axes
  2019 | D:3      | Reached XP level 5. HP: 24/45 MP: 5/5
  2398 | D:3      | Found an ancient bone altar of Kikubaaqudgha.
  2756 | D:4      | Noticed an ogre
  2775 | D:4      | Killed an ogre
  2776 | D:4      | Reached skill level 8 in Axes
  2776 | D:4      | Reached XP level 6. HP: 26/51 MP: 6/6
  2946 | D:4      | Became a worshipper of Beogh the Brigand
  3370 | D:5      | Entered Level 5 of the Dungeon
  3390 | D:5      | Reached skill level 9 in Axes
  3395 | D:5      | Reached XP level 7. HP: 55/57 MP: 7/7
  3578 | D:5      | Reached skill level 10 in Axes
  3582 | D:5      | You fall into a shaft and drop 2 floors!
  3620 | D:7      | Reached skill level 11 in Axes
  3643 | D:7      | Reached XP level 8. HP: 36/64 MP: 8/8
  3643 | D:7      | Reached * piety under Beogh
  3769 | D:7      | Reached skill level 12 in Axes
  4159 | D:5      | Found a staircase to the Ecumenical Temple.
  4233 | D:6      | Reached skill level 13 in Axes
  4505 | D:6      | Reached ** piety under Beogh
  4517 | D:6      | Reached skill level 14 in Axes
  4856 | D:6      | Found an opulent altar of Gozag.
  4995 | D:6      | Reached XP level 9. HP: 64/70 MP: 9/9
  5332 | D:7      | Reached skill level 15 in Axes
  5347 | D:7      | Reached skill level 4 in Fighting
  5625 | D:7      | Reached *** piety under Beogh
  5626 | D:7      | Reached skill level 4 in Armour
  6329 | D:8      | Found a transporter.
  6380 | D:8      | Found a glowing silver altar of Zin.
  6416 | D:8      | Reached skill level 5 in Fighting
  6549 | D:8      | Found a transporter.
  6550 | D:8      | Identified the +3 buckler of Boredom {Dex+5 Slay-4}
  6575 | D:8      | Noticed a two-headed ogre
  6580 | D:8      | Killed a two-headed ogre
  6581 | D:8      | Reached skill level 6 in Fighting
  6581 | D:8      | Reached skill level 5 in Armour
  6707 | D:8      | Identified the ring of the Dolphin {Fly rPois rC+ Int+3}
  6709 | D:8      | Noticed Nabski's ghost (novice TeFE)
  6777 | D:8      | Identified the +1 chain mail "Kumom" {Harm rElec Str+2}
  7119 | D:8      | Identified 3 potions of resistance
  7120 | D:8      | Identified a scroll of acquirement
  7120 | D:8      | Acquired a +1 helmet of intelligence
  7144 | D:9      | Noticed a hornet
  7155 | D:9      | Reached XP level 10. HP: 52/84 MP: 10/10
  7156 | D:9      | Reached skill level 16 in Axes
  7156 | D:9      | Reached skill level 6 in Armour
  7390 | D:9      | Reached skill level 7 in Fighting
  7399 | D:9      | Gained Herok as an ally
  7634 | D:9      | Found Ruaheem's General Store.
  7988 | D:9      | Found a snail-covered altar of Cheibriados.
  8151 | D:10     | Entered Level 10 of the Dungeon
  8226 | D:10     | Reached **** piety under Beogh
  8227 | D:10     | Reached skill level 7 in Armour
  8389 | D:10     | Reached skill level 8 in Fighting
  8423 | D:10     | Noticed a kobold demonologist
  8426 | D:10     | Noticed an orange demon
  8435 | D:10     | Killed a kobold demonologist
  8611 | D:10     | Killed an unseen horror
  8612 | D:10     | Reached skill level 17 in Axes
  8612 | D:10     | Reached skill level 8 in Armour
  8653 | D:10     | Reached XP level 11. HP: 85/95 MP: 11/11
  8654 | D:10     | Reached skill level 9 in Fighting
  8700 | D:10     | Found a broken altar of Ashenzari.
  8731 | D:10     | Found a radiant altar of Vehumet.
  8731 | D:10     | Found an iron altar of Okawaru.
  8908 | D:10     | Found a white marble altar of Elyvilon.
  8962 | D:11     | HP: 8/97 [electric eel/bolt of electricity (10)]
  8965 | D:11     | Your ally Herok died
  9337 | D:11     | Found Sas Asirr's Profane Products.
  9540 | D:11     | Noticed a two-headed ogre
  9550 | D:11     | Killed a two-headed ogre
  9736 | D:11     | Found a staircase to the Lair.
  9819 | D:11     | Reached skill level 9 in Armour
  9865 | D:11     | Identified the +7 rapier "Ogre's Nightmare" {drain, Str+4
                  | Stlth+}
  9908 | D:11     | Noticed a brown ugly thing
  9915 | D:11     | Killed a brown ugly thing
 10123 | D:12     | Found a staircase to the Orcish Mines.
 10130 | D:12     | Reached skill level 10 in Fighting
 10135 | D:12     | Reached ***** piety under Beogh
 10462 | D:12     | Identified the +1 flail of the Gloaming {heavy, rC+}
 10532 | D:12     | Noticed a deep elf pyromancer
 10539 | D:12     | Killed a deep elf pyromancer
 10609 | D:12     | Noticed a white ugly thing
 10614 | D:12     | Noticed a deep elf pyromancer
 10617 | D:12     | Killed a white ugly thing
 10618 | D:12     | Reached skill level 18 in Axes
 10620 | D:12     | Gained Warrok as an ally
 10629 | D:12     | Killed a deep elf pyromancer
 10760 | D:12     | Your ally Warrok died
 10772 | D:12     | Slain by an enormous slime creature

Vanquished Creatures
  2 two-headed ogres
  An orc knight (D:11)
  2 deep elf pyromancers (D:12)
  2 ugly things
  An unseen horror (D:10)
  A rime drake (D:11)
  A kobold demonologist (D:10)
  A troll (D:11)
  A hornet (D:9)
  2 slime creatures (D:12)
  9 yaks (D:10)
  A steam dragon (D:9)
  8 vampire mosquitoes
  A warg (D:12)
  An acid dragon (D:7)
  2 sky beasts
  A black bear (D:5)
  2 orc warriors (D:12)
  5 ice beasts
  3 ogres
  3 wolves (D:11)
  6 centaurs
  2 kobold brigands
  2 phantoms
  2 necrophages
  A gnoll sergeant (D:7)
  11 wights
  5 killer bees (D:9)
  6 howler monkeys
  2 jellies
  2 electric eels (D:11)
  3 gnoll boudas
  4 hounds
  Jessica (D:2)
  2 iguanas
  8 orc wizards
  30 gnolls
  8 adders
  An ufetubus (D:6)
  A worm (D:2)
  21 orcs
  6 bats
  3 bat zombies (D:3)
  6 endoplasms
  2 giant cockroaches
  A goblin (D:4)
  5 hobgoblins
  2 jackals (D:1)
  6 quokkas
  6 ball pythons
  A frilled lizard (D:2)
  12 kobolds
  3 rats
221 creatures vanquished.

Vanquished Creatures (collateral kills)
  A wyvern (D:10)
  5 yaks (D:10)
  3 vampire mosquitoes (D:12)
  An ice beast (D:11)
  2 wights (D:10)
  A howler monkey (D:10)
  2 electric eels (D:11)
  A gnoll (D:9)
16 creatures vanquished.

Vanquished Creatures (others)
  2 orc warriors (D:12)
  A gnoll sergeant (D:11)
  3 orc priests
  2 orc wizards
  3 orcs
  6 plants (D:8)
17 creatures vanquished.

Grand Total: 254 creatures vanquished

Table legend: (Time is in decaauts)
 A = Elapsed time spent in this place.
 B = Non-inter-level travel time spent in this place.
 C = Inter-level travel time spent in this place.
 D = Time resting spent in this place.
 E = Time spent auto-exploring this place.
 F = Levels seen in this place.
 G = Mean time per level.
                   A        B        C        D        E       F      G
               +--------+--------+--------+--------+--------+-----+--------+
         Total |  10832 |  10553 |    279 |    879 |   8156 |  12 |  902.7 |
       Dungeon |  10832 |  10553 |    279 |    879 |   8156 |  12 |  902.7 |
               +--------+--------+--------+--------+--------+-----+--------+

Top non-repeatable levels by time:
     D:7: 1262 daAuts
     D:6: 1220 daAuts
    D:11: 1147 daAuts
     D:2: 1067 daAuts
     D:9: 1005 daAuts
     D:3: 938 daAuts
     D:8: 894 daAuts
    D:10: 793 daAuts
     D:1: 728 daAuts
     D:4: 675 daAuts
    D:12: 657 daAuts
     D:5: 444 daAuts

Table legend:
 A = Non-vault XP
 B = Vault XP
 C = Vault XP percentage of total XP
 D = Non-vault monster count
 E = Vault monster count
 F = Vault count percentage of total count
                 A         B        C        D         E       F
            +---------+---------+-------+---------+---------+-------
      Total |   14551 |    2473 |  14.5 |     217 |      20 |   8.4
            +---------+---------+-------+---------+---------+-------
        D:1 |      28 |       0 |   0.0 |      16 |       0 |   0.0
        D:2 |      71 |      39 |  35.5 |      14 |       2 |  12.5
        D:3 |     106 |       6 |   5.4 |       8 |       3 |  27.3
        D:4 |     192 |       0 |   0.0 |      17 |       0 |   0.0
        D:5 |     472 |       0 |   0.0 |      15 |       0 |   0.0
        D:6 |    1119 |       0 |   0.0 |      31 |       0 |   0.0
        D:7 |    1382 |       0 |   0.0 |      33 |       0 |   0.0
        D:8 |    1149 |       0 |   0.0 |      10 |       0 |   0.0
        D:9 |    1468 |       0 |   0.0 |      23 |       0 |   0.0
       D:10 |    2735 |     758 |  21.7 |      19 |       3 |  13.6
       D:11 |    2363 |    1306 |  35.6 |      17 |       9 |  34.6
       D:12 |    3466 |     364 |   9.5 |      14 |       3 |  17.6
            +---------+---------+-------+---------+---------+-------
